 Dungeon Crawl Stone Soup version 0.23-a0-143-g1adec7bb76 (webtiles) character file.

91 Napalmbreeze the Skirmisher (level 4, 0/29 HPs)
             Began as a Gargoyle Gladiator on Sept 4, 2018.
             Slain by Sigmund
             ... wielding a cursed -2 scythe
              (4 damage)
             ... on level 2 of the Dungeon.
             The game lasted 00:02:33 (897 turns).

Napalmbreeze the Skirmisher (Gargoyle Gladiator)     Turns: 897, Time: 00:02:33

Health: 0/29       AC: 11    Str: 20    XL:     4   Next: 59%
Magic:  4/4        EV: 11    Int:  9    God:
Gold:   76         SH:  0    Dex: 12    Spells: 3/3 levels left

rFire    . . .     SeeInvis .   a - +0 war axe
rCold    . . .     Gourm    .   (no shield)
rNeg     + . .     Faith    .   i - +0 scale mail
rPois    ∞         Spirit   .   c - +0 helmet
rElec    +         Reflect  .   (no cloak)
rCorr    .         Harm     .   (no gloves)
MR       .....     Rnd*Tele +   (no boots)
Stlth    ..........             h - amulet of magic regeneration
HPRegen  0.09/turn              e - +3 ring of strength
MPRegen  0.34/turn              j - ring of teleportation (curse)

@: no status effects
A: negative energy resistance 1, electricity resistance, unbreathing,
petrification resistance, rot immunity, AC +3
a: no special abilities


You were on level 2 of the Dungeon.
You were not hungry.

You visited 1 branch of the dungeon, and saw 2 of its levels.

You collected 76 gold pieces.

Inventory:

Hand Weapons
 a - a +0 war axe (weapon)
Missiles
 d - 4 throwing nets (quivered)
Armour
 c - a +0 helmet (worn)
 i - a +0 scale mail (worn)
Jewellery
 e - a +3 ring of strength (left hand)
 h - an amulet of magic regeneration (around neck)
 j - a cursed ring of teleportation (right hand)
 m - an uncursed ring of see invisible {unknown}
Scrolls
 g - a scroll of blinking {unknown}
 n - a scroll of fog {unknown}
 o - a scroll of fear {unknown}
Potions
 b - a potion of might {unknown}
 k - a potion of cancellation {unknown}
 l - a potion of lignification {unknown}
Comestibles
 f - 3 rations


   Skills:
 * Level 3.6 Fighting
 + Level 3.1 Axes
 - Level 1.7 Throwing
 + Level 1.6 Armour
 + Level 2.9 Dodging


You had 3 spell levels left.
You didn't know any spells.
Your spell library was empty.

Dungeon Overview and Level Annotations

Branches:
Dungeon (2/15)

Altars:
Ashenzari
Vehumet

Annotations:
D:2 Sigmund


Innate Abilities, Weirdness & Mutations

You are resistant to torment.
Your stone body is resilient. (AC +3)
You are immune to poison.
You resist negative energy. (rN+)
You are resistant to electric shocks. (rElec)
You can survive without breathing.
You are immune to petrification.
You are immune to rotting.


Message History

The magic dart hits you!
You completely miss something.
You hear some strange, mumbled words.
Something tries to affect you, but you resist.
Your scale mail prevents you from hitting something.
Something hits you but does no damage.
You barely miss something. Something completely misses you.
You hit something.
You hear some strange, mumbled words.
Something tries to affect you, but you resist.
You closely miss something.
You hear some strange, mumbled words.
Something tries to affect you, but you resist.
Something hits you but does no damage.
You miss something. You slash something! Something hits you!
You miss something. Something hits you!
* * * LOW HITPOINT WARNING * * *
You barely miss something. Something hits you.
You die...

..............# #..#
............#.# <..##
.#..........#.##.#..#
.##..............#..#
.....................
....###.<...........#
...## ##........###.
..## ##......#### ..#
#....<..@)# .#
#...#.†##{......
#..####$.........
#..# #######.#.. #..
# . #


There were no monsters in sight!

Vanquished Creatures
  Jessica (D:2)
  An adder (D:2)
  An ooze (D:1)
  A worm (D:2)
  2 dart slugs (D:1)
  A leopard gecko (D:1)
  A ball python (D:1)
  4 bats
  5 giant cockroaches
  4 goblins
  4 hobgoblins
  7 jackals
  2 kobolds
  4 frilled lizards
  4 rats
42 creatures vanquished.

Notes
Turn   | Place    | Note
-------+----------+-------------------------------------------
     0 | D:1      | Napalmbreeze the Gargoyle Gladiator began the quest for the
                  | Orb.
     0 | D:1      | Reached XP level 1. HP: 12/12 MP: 1/1
   137 | D:1      | Reached XP level 2. HP: 18/18 MP: 2/2
   337 | D:1      | Reached skill level 1 in Armour
   373 | D:1      | Reached XP level 3. HP: 22/22 MP: 3/3
   585 | D:2      | Found a radiant altar of Vehumet.
   642 | D:2      | Found a shattered altar of Ashenzari.
   647 | D:2      | Noticed Jessica
   655 | D:2      | Killed Jessica
   655 | D:2      | Reached XP level 4. HP: 28/28 MP: 4/4
   876 | D:2      | Noticed Sigmund
   897 | D:2      | Slain by Sigmund

Vault maps used:
D:1:      dpeg_arrival_connections, minmay_hedge_maze
D:2:      vehumet_crystals, nicolae_overflow_hidden_temple,
          nicolae_qazlal_style_of_elements, evilmike_ruin_ashenzari,
          amethyst_overflow_temple_binary, uniq_natasha, uniq_jessica,
          uniq_sigmund

Skill      XL: |  1  2  3 |
---------------+----------+-----
Armour         | 1 |  1.6
Fighting       | 3 |  3.6
Axes           | 3 |  3.1
Throwing       | |  1.7
Dodging        | |  2.9

Action                   |  1- 3 |  4- 6 || total
-------------------------+-------+-------++-------
Melee: War axe           |    76 |    42 ||   118
Armor: Leather armour    |     9 |       ||     9
       Ring mail         |    11 |       ||    11
       Scale mail        |    24 |    41 ||    65
       Skin              |     1 |       ||     1
Dodge: Dodged            |    47 |    39 ||    86

Table legend:
 A = Non-vault XP
 B = Vault XP
 C = Vault XP percentage of total XP
 D = Non-vault monster count
 E = Vault monster count
 F = Vault count percentage of total count
                 A         B        C        D         E       F
            +---------+---------+-------+---------+---------+-------
      Total |      94 |      37 |  28.2 |      41 |       1 |   2.4
            +---------+---------+-------+---------+---------+-------
        D:1 |      46 |       0 |   0.0 |      21 |       0 |   0.0
        D:2 |      48 |      37 |  43.5 |      20 |       1 |   4.8
            +---------+---------+-------+---------+---------+-------
